 Dungeon Crawl Stone Soup version 0.27-a0-1525-g1038ab4fd7 (webtiles) character file.

Game seed: 5830640140871605619

488 flotson the Sneak (level 6, -9/48 HPs)
             Began as a Demonspawn Delver on July 11, 2021.
             Mangled by a two-headed ogre (21 damage)
             ... on level 5 of the Dungeon.
             The game lasted 00:16:50 (5041 turns).

flotson the Sneak (Demonspawn Delver)               Turns: 5041, Time: 00:16:50

Health: -9/48      AC:  5    Str: 14    XL:     6   Next: 90%
Magic:  6/6        EV: 15    Int: 16    God:
Gold:   235        SH:  5    Dex: 14    Spells: 5/5 levels left

rFire    . . .     SeeInvis .   f - +1 flail (protect)
rCold    . . .     Faith    .   (no shield)
rNeg     . . .     Spirit   .   k - +0 ring mail
rPois    .         Reflect  +   (helmet restricted)
rElec    .         Harm     .   (no cloak)
rCorr    .         Rampage  .   (no gloves)
Will     .....                  (no boots)
Stlth    ++........             z - amulet of reflection
HPRegen  0.16/turn              p - +4 ring of evasion
MPRegen  0.10/turn              (no ring)

@: brilliant
A: antennae 1, big brain 2
a: no special abilities


You were on level 5 of the Dungeon.
You visited 2 branches of the dungeon, and saw 6 of its levels.

You collected 235 gold pieces.

Inventory:

Hand Weapons
 a - a +0 hand axe
 f - a +1 flail of protection (weapon)
Missiles
 m - 20 poisoned darts (quivered)
 y - 8 boomerangs
Armour
 k - a +0 ring mail (worn)
Jewellery
 o - a ring of fire
 p - a +4 ring of evasion (left hand)
 z - an amulet of reflection (around neck)
Wands
 g - a wand of digging (2)
 i - a wand of iceblast (7)
 s - a wand of flame (5)
Scrolls
 b - a scroll of teleportation {unknown}
 c - a scroll of fog
 d - 4 scrolls of magic mapping
 h - a scroll of amnesia {unknown}
 j - 2 scrolls of acquirement {unknown}
 l - 2 scrolls of enchant weapon {unknown}
 r - a scroll of torment {unknown}
 x - a scroll of immolation {unknown}
Potions
 e - a potion of magic {unknown}
 n - a potion of brilliance
 q - a potion of ambrosia {unknown}
 t - a potion of flight {unknown}
 u - a potion of invisibility {unknown}
 v - a potion of experience {unknown}
 w - a potion of curing {unknown}


   Skills:
 + Level 4.2 Fighting
 + Level 3.1 Axes
 + Level 2.1 Throwing
 + Level 2.4 Armour
 + Level 3.3 Dodging
 - Level 4.5 Stealth
 + Level 2.6 Evocations


You had 5 spell levels left.
You didn't know any spells.
Your spell library contained the following spells:

 Spells                   Type           Power      Damage    Failure   Level
 Magic Dart               Conj           0%         1d3       45%         1
 Searing Ray              Conj           0%         3d3       58%         2
 Frozen Ramparts          Ice            0%         1d2       83%         3
 Fulminant Prism          Conj/Hex       0%         3d6       99%         4
 Ice Form                 Ice/Tmut       0%         N/A       99%         4
 Summon Ice Beast         Ice/Summ       0%         N/A       99%         4


Dungeon Overview and Level Annotations

Branches:
Dungeon (5/15)             Temple (1/1) D:4

Altars:
Cheibriados
Elyvilon
Fedhas
Hepliaklqana
Makhleb
Nemelex Xobeh
Qazlal
Ru
Trog
Uskayaw
Vehumet
Xom
Yredelemnul
Zin
The Shining One


Innate Abilities, Weirdness & Mutations

You have a pair of small antennae on your head.
You have an extremely huge brain. (Int +4)


Message History

Throw: 22 darts (poison)
Press: ? - help, Q - select action, (/) - cycle Shift-Dir - straight line, f/p - two-headed ogre
Aim: a two-headed ogre, wielding two +0 giant clubs (moderately wounded, 76% to hit)
You throw a poisoned dart.
The poisoned dart hits the two-headed ogre.
The two-headed ogre is poisoned.
The two-headed ogre is moderately wounded.
The two-headed ogre looks more healthy.
Throw: 21 darts (poison)
Press: ? - help, Q - select action, (/) - cycle Shift-Dir - straight line, f/p - two-headed ogre
Aim: a two-headed ogre, wielding two +0 giant clubs (moderately wounded, 76% to hit)
You throw a poisoned dart.
The poisoned dart hits the two-headed ogre.
The two-headed ogre is poisoned.
The two-headed ogre is moderately wounded.
The two-headed ogre hits you with a +0 giant club!
The two-headed ogre hits you with a +0 giant club!!
Ouch! That really hurt!
* * * LOW HITPOINT WARNING * * *
The two-headed ogre looks more healthy.
Things that are here:
a +0 giant club; an ogre corpse
Okay, then.
Unknown command.
It was a potion of brilliance.
You feel clever all of a sudden. The two-headed ogre misses you.
You block the two-headed ogre's attack.
You see here an adder skeleton.
Found a barding.
Okay, then.
Unknown command.
Okay, then.
Unknown command.
Unknown command.
Unknown command.
Unknown command.
There is a stone staircase leading down here.
The two-headed ogre barely misses you.
The two-headed ogre hits you with a +0 giant club!!
You die...

#####...............#
#.........> # #..##..##..##....
#.#####.### # ##.#........#...#
# #.# # # #..............# #.
#.# # # ##....>........#
#.#####.# #
########...(..Y.##.....#......#
# .....#
#......[.##.#.......##.# #
####.##........O.#.#.#####.##.#
# # #.##.........@..#.# #.##.#
# #.###........#..#.# #.##.# #
#.# ##..##..###.#.# #.##.# #
#.# ### #### #.#.#####.##.#
####.### #.#.......##.#
.......# #.#.......##.#
.#...#.# #............###
.#.###.# ### #.#.............
.#.# #.# ##.## #.##.....#####..


You could see a two-headed ogre and an ice beast.

Vanquished Creatures
  An ogre (D:5)
  A scorpion (D:5)
  A hound (D:5)
  A jelly (D:4)
  An iguana (D:5)
  An orc wizard (D:5)
  The ghost of DocClef the Covert, a weakling GnDe (D:4)
  7 adders
  3 gnolls (D:4)
  A howler monkey skeleton (D:4)
  2 ufetubi
  An adder skeleton (D:4)
  2 worms
  2 dart slugs
  2 orcs (D:5)
  6 endoplasms
  3 giant cockroaches
  6 hobgoblins
  13 jackals
  4 quokkas
  9 ball pythons
  6 bats
  4 frilled lizards
  5 goblins
  8 kobolds
  9 rats
100 creatures vanquished.

Vanquished Creatures (others)
  A dart slug (D:1)
  A goblin (D:1)
2 creatures vanquished.

Grand Total: 102 creatures vanquished

Notes
Turn   | Place    | Note
-------+----------+-------------------------------------------
     0 | D:5      | flotson the Demonspawn Delver began the quest for the Orb.
     0 | D:5      | Reached XP level 1. HP: 18/18 MP: 1/1
   135 | D:4      | Found a runed translucent door.
   135 | D:4      | Noticed DocClef's ghost (weakling GnDe)
   517 | D:3      | Gained mutation: You have a pair of small antennae on your
                  | head. [demonic ancestry]
   517 | D:3      | Reached XP level 2. HP: 12/24 MP: 2/2
   955 | D:1      | Reached skill level 1 in Evocations
   955 | D:1      | Gained mutation: You have an unusually large brain. (Int
                  | +2) [demonic ancestry]
   955 | D:1      | Reached XP level 3. HP: 23/29 MP: 3/3
  1299 | D:1      | Found a faded altar of an unknown god.
  1305 | D:1      | Reached skill level 1 in Armour
  1836 | D:2      | Reached XP level 4. HP: 28/35 MP: 4/4
  2779 | D:3      | Found a hide-covered altar of Uskayaw.
  3013 | D:4      | Reached skill level 1 in Throwing
  3024 | D:4      | Reached XP level 5. HP: 31/42 MP: 5/5
  3248 | D:4      | Found a staircase to the Ecumenical Temple.
  3258 | Temple   | Entered the Ecumenical Temple
  3989 | D:4      | Killed DocClef's ghost
  4202 | D:5      | Gained mutation: You have an extremely huge brain. (Int +4)
                  | [demonic ancestry]
  4202 | D:5      | Reached XP level 6. HP: 33/48 MP: 6/6
  4977 | D:5      | Noticed a two-headed ogre
  4978 | D:5      | Noticed an ice beast
  5041 | D:5      | Mangled by a two-headed ogre

Illustrated notes

Levels and vault maps discovered:
D:1:      minmay_arrival_nine_rooms, layout_loops_ring,
          ebering_ecumenical_altar_webs, minmay_misc_feat_chi,
          lemuel_flame_loot_1
D:2:      layout_basic, basic_altar
D:3:      layout_basic, mainiacjoe_overflow_cross_hatched,
          chequers_serial_rivers_large_b
D:4:      layout_cave_pools, minmay_temple_entry_junction_2, serial_park,
          serial_park_square3 [serial_park_minivault_5x5_3],
          hellmonk_ghost_happy_afterlife, hangedman_decor_clover_reticule
D:5:      layout_loops_ring, st_stairs_5
Temple:   eino_narrow_crystal_temple

Skill      XL: |  1  2  3  4  5  6 |
---------------+-------------------+-----
Axes           | 2 3 |  3.1
Dodging        | 2 3 |  3.3
Evocations     | 1 2 |  2.6
Armour         | 1 2 |  2.4
Throwing       | 1 2 |  2.1
Fighting       | 4 |  4.2
Stealth        | |  4.5

Action                   |  1- 3 |  4- 6 || total
-------------------------+-------+-------++-------
Melee: Hand axe          |    27 |       ||    27
       Flail             |   104 |   237 ||   341
Throw: Dart              |       |    22 ||    22
Evoke: Wand              |     2 |     3 ||     5
  Use: Potion            |     2 |     1 ||     3
       Scroll            |     1 |       ||     1
 Stab: Sleeping          |     8 |     6 ||    14
Armor: Leather armour    |    32 |       ||    32
       Ring mail         |    18 |    83 ||   101
Dodge: Dodged            |   104 |   222 ||   326
Block: Other             |       |     9 ||     9

Table legend: (Time is in decaauts)
 A = Elapsed time spent in this place.
 B = Non-inter-level travel time spent in this place.
 C = Inter-level travel time spent in this place.
 D = Time resting spent in this place.
 E = Time spent auto-exploring this place.
 F = Levels seen in this place.
 G = Mean time per level.
                   A        B        C        D        E       F      G
               +--------+--------+--------+--------+--------+-----+--------+
         Total |   5167 |   5047 |    120 |      0 |   3949 |   6 |  861.2 |
       Dungeon |   5011 |   4904 |    107 |      0 |   3807 |   5 | 1002.2 |
        Temple |    155 |    142 |     13 |      0 |    142 |   1 |  155.0 |
               +--------+--------+--------+--------+--------+-----+--------+

Top non-repeatable levels by time:
     D:4: 1092 daAuts
     D:3: 1020 daAuts
     D:5: 1017 daAuts
     D:2: 993 daAuts
     D:1: 886 daAuts
  Temple: 155 daAuts
